 Dungeon Crawl Stone Soup version 0.31-a0-1467-g53b6572822 (webtiles) character file.

Game seed: 2495154309377991101

109 snailfarmer the Changeling (level 4, -3/28 HPs)
             Began as an Octopode Shapeshifter on Dec 28, 2023.
             Slain by a gnoll
             ... wielding a +0 club
             ... led by a gnoll sergeant
              (6 damage)
             ... on level 3 of the Dungeon.
             The game lasted 00:04:34 (2119 turns).

snailfarmer the Changeling (Octopode Shapeshifter)  Turns: 2119, Time: 00:04:35

Health: -3/28      AC:  1    Str: 13    XL:     4   Next: 89%
Magic:  4/4        EV: 13    Int: 12    God:
Gold:   90         SH:  0    Dex: 13    Spells: 3/3 levels left

rFire   . .          .
                       - Unarmed
rCold   . . .        (no shield)
rNeg    . . .        (helmet currently unavailable)
rPois   .            (no amulet)
rElec   .            f - ring of willpower
rCorr   .            (no ring)
SInv    .            (no ring)
Will    +....        (no ring)
Stlth   +++          (no ring)
HPRegen 0.24/turn    (no ring)
MPRegen 0.09/turn    (no ring)
                     (no ring)

%: no passive effects
@: beast-form
A: beast (slay +2), almost no armour, amphibious, 8 rings, camouflage 1,
gelatinous body 1, (nimble swimmer 1), tentacles
a: Begin Untransformation


You were on level 3 of the Dungeon.
You were a hulking beast.
You visited 1 branch of the dungeon, and saw 3 of its levels.
You also visited: Sewer.

You collected 90 gold pieces.

Inventory:

Hand Weapons
 i - a +0 dagger
Jewellery
 f - a ring of willpower (left tentacle)
Talismans
 b - a beast talisman
 c - a flux talisman
Scrolls
 d - a scroll of noise
 e - 5 scrolls of teleportation
 l - 2 scrolls of fear
 m - 2 scrolls of fog {unknown}
Potions
 a - a potion of lignification
 g - a potion of degeneration {unknown}
 h - a potion of resistance {unknown}
 j - 2 potions of haste
 k - a potion of cancellation {unknown}
 n - a potion of heal wounds {unknown}


   Skills:
 - Level 1.0 Fighting
 - Level 2.7 Dodging
 + Level 2.0 Stealth
 - Level 3.0 Unarmed Combat
 * Level 4.5 Shapeshifting


You had 3 spell levels left.
You didn't know any spells.
Your spell library contained the following spells:

 Spells                   Type           Power      Damage    Failure   Level
 Kiss of Death            Conj/Necr      0%         2d5       32%         1
 Confusing Touch          Hex            0%         N/A       69%         3
 Dispel Undead            Necr           0%         3d6       97%         4


Dungeon Overview and Level Annotations

Branches:
Dungeon (3/15)              Sewer (visited)

Altars:


Innate Abilities, Weirdness & Mutations

You are a hulking beast.
Your limbs bulge with bestial killing power. (Slay +2)
You cannot wear most types of armour.
You are amphibious.
You can wear up to eight rings at the same time.
Your skin changes colour to match your surroundings (Stealth+).
Your rubbery body absorbs attacks. (AC +1, EV +1)
((You are camouflaged when in or above water. (Stealth+)))
You have tentacles for arms and can constrict up to eight enemies at once.


Message History

You kill the quokka!
You see here a quokka corpse.
A ball python comes into view.
A ball python is nearby!
The ball python hisses angrily.
The ball python completely misses you. The ball python grabs you.
The ball python constricts you. The ball python barely misses you.
The ball python constricts you.
You tentacle-slap the ball python. You grab the ball python.
The ball python is moderately wounded.
You constrict the ball python. The ball python bites you.
The ball python constricts you.
You tentacle-slap the ball python.
You kill the ball python!
No target in view!
No target in view!
You start resting.
HP restored.
A gnoll comes into view. It is wielding a +3 spear.
A gnoll is nearby!
A gnoll comes into view. It is wielding a +0 club.
Found a trident.
A gnoll sergeant comes into view. It is wielding a +0 long sword.
The gnoll shouts!
The gnoll hits you from afar with a +3 spear!
The gnoll shouts!
The gnoll sergeant shouts!
You hear a shout!
The gnoll hits you with a +3 spear.
You hear a shout!
Unknown command.
The gnoll hits you from afar with a +3 spear.
The gnoll attacks as it pursues you!
The gnoll hits you from afar with a +3 spear!
* * * LOW HITPOINT WARNING * * *
Unknown command.
Unknown command.
Unknown command.
A gnoll comes into view. It is wielding a +1 spear of venom.
Unknown command.
The gnoll attacks as it pursues you! The gnoll hits you with a +0 club.
You die...

#.#.......
#.########
#.........
#........#####
#........#.#..
#..........#.#
#..#####.#.#.#
#..####..#.#.#
#.......h#.#.# #
#.#####..g.g.#.##.#
##'######.#g....g..#
#....†....#.....####
+....####.#.....#
#....# #.#........
#....# #†#.#'####.#
####.# #.#)#.. ..
..# #.#.#### #


You could see a gnoll sergeant and 3 gnolls.

Vanquished Creatures
  A hell rat (Sewer)
  Robin (D:2)
  2 river rats (Sewer)
  2 dart slugs
  An orc (D:3)
  4 endoplasms
  2 giant cockroaches
  8 goblins
  A hobgoblin (D:1)
  2 jackals (D:2)
  3 quokkas
  5 ball pythons
  3 bats
  6 frilled lizards
  2 kobolds
  10 rats
53 creatures vanquished.

Notes
Turn   | Place    | Note
-------+----------+-------------------------------------------
     0 | D:1      | snailfarmer the Octopode Shapeshifter began the quest for
                  | the Orb.
     0 | D:1      | Reached XP level 1. HP: 13/13 MP: 1/1
   245 | D:1      | Reached XP level 2. HP: 12/18 MP: 2/2
   943 | D:2      | Noticed Robin
   952 | D:2      | Reached XP level 3. HP: 19/23 MP: 3/3
   960 | D:2      | Killed Robin
  1307 | D:3      | Found a glowing drain.
  1318 | Sewer    | Entered a sewer
  1327 | Sewer    | Reached skill level 4 in Shapeshifting
  1335 | Sewer    | Reached XP level 4. HP: 10/28 MP: 4/4
  1537 | Sewer    | Reached skill level 1 in Stealth
  2113 | D:3      | Noticed a gnoll sergeant
  2119 | D:3      | Slain by a gnoll

Illustrated notes

Levels and vault maps discovered:
D:1:      giann_bridges, layout_loops_cross
D:2:      layout_loops_ring, uniq_robin
D:3:      minmay_chambers_of_twos, layout_basic,
          mainiacjoe_sewer_entry_somewhere_in_here_1

Skill      XL: |  1  2  3  4 |
---------------+-------------+-----
Shapeshifting  | 4 |  4.5
Stealth        | 2 |  2.0
Fighting       | |  1.0
Dodging        | |  2.7
Unarmed Combat | |  3.0

Action                     |  1- 3 |  4- 6 || total
---------------------------+-------+-------++-------
  Melee: Unarmed           |    62 |    25 ||    87
         Tentacles         |    10 |     4 ||    14
         Constrict         |    16 |     8 ||    24
         Punch             |     2 |       ||     2
    Use: Scroll            |     5 |     3 ||     8
         Potion            |     2 |     1 ||     3
   Stab: Sleeping          |     9 |     5 ||    14
 Armour: Skin              |    21 |    11 ||    32
  Dodge: Dodged            |    36 |    12 ||    48

Table legend: (Time is in decaauts)
 A = Elapsed time spent in this place.
 B = Non-inter-level travel time spent in this place.
 C = Inter-level travel time spent in this place.
 D = Time resting spent in this place.
 E = Time spent auto-exploring this place.
 F = Levels seen in this place.
 G = Mean time per level.
                   A        B        C        D        E       F      G
               +--------+--------+--------+--------+--------+-----+--------+
         Total |   2112 |   2058 |     54 |    539 |   1143 |   4 |  528.0 |
       Dungeon |   1659 |   1605 |     54 |    183 |   1133 |   3 |  553.0 |
         Sewer |    453 |    453 |      0 |    356 |     10 |   1 |  453.0 |
               +--------+--------+--------+--------+--------+-----+--------+

Top non-repeatable levels by time:
     D:2: 669 daAuts
     D:1: 610 daAuts
   Sewer: 453 daAuts
     D:3: 379 daAuts
